AoeStats
← tavoo

Arabia

509480768Analyzed
1v1 RM · 6d ago on Sep 26, 2026· 18m 41s· 2 players
Game mode
Random Map
Map size
Tiny (2 player)
Population
200
Speed
Normal
Resources
Standard
Victory
Conquest
Starting age
Dark Age
Ending age
Imperial Age
RankedLock teamsTeams togetherTeam positionsShared explorationLock speedFull tech treeHidden civsTurbo modeCheats
Victory
Defeat
🇳🇱 Spanish · Netherlands
1450
+14
🇲🇽 Turks · Mexico
1401
-14
Dench
7:11 Loom
10:02 Feudal Age
14:25 Castle Age
12:46 Double-Bit Axe
15:16 Bow Saw
tavoo
11:18 Feudal Age
13:08 Loom
18:10 Castle Age
17:35 Fletching
Connection lost

Rejoining the realm…

Still unreachable

The connection could not be restored.

Session expired

The server has moved on; the page needs a fresh start.